[Event "FIDE World Rapid Chess Championship 2021"]
[White "Vachier-Lagrave, Maxime"]
[Black "Predke, Alexandr"]
[WhiteFideId "623539"]
[BlackFideId "24107581"]
[WhiteElo "2773"]
[BlackElo "2630"]
[Result "1/2-1/2"]
[Round "10"]
[TimeControl "900+10"]
[Date "2021.12.28"]
[WhiteClock "0:02:01"]
[BlackClock "0:00:37"]

1. e4 e5 2. Nf3 Nc6 3. Bc4 Bc5 4. O-O Nf6 5. d3 h6 6. c3 d6 7. Re1 O-O 8. Nbd2 Bb6 9. Bb3 a5 10. Nc4 Ba7 11. Ne3 Ng4 12. h3 Nxe3 13. Bxe3 Bxe3 14. Rxe3 Ne7 15. Nh4 Nd5 16. Bxd5 Qxh4 17. a4 Qe7 18. d4 Be6 19. Qb3 exd4 20. cxd4 Ra6 21. Bxe6 fxe6 22. Rc1 Rb6 23. Qc3 c6 24. b3 Rb4 25. Qd2 Qg5 26. Rc2 d5 27. Qd3 Qd8 28. exd5 exd5 29. Re6 Qh4 30. Rd2 Qf4 31. Re3 Qf5 32. Qe2 Qf4 33. g3 Qf6 34. Qd3 Qf5 35. Qf1 Qf6 36. Red3 Re8 37. Kg2 Re4 38. Qd1 Qe6 39. Qf3 Re1 40. Rd1 Re2 41. R1d2 Rxd2 42. Rxd2 Qe4 43. Qxe4 dxe4 44. d5 cxd5 45. Rxd5 b6 46. Re5 Kf7 47. g4 Kf6 48. Re8 Kf7 49. Re5 Rxb3 50. Rxe4 Rb4 51. Kf3 Rb3+ 52. Re3 Rb4 53. Re4 b5 54. axb5 Rxb5 1/2-1/2


[Site "http://www.Chess.com"]

[Event "FIDE World Rapid Chess Championship 2021"]
[White "Matlakov, Maxim"]
[Black "Giri, Anish"]
[WhiteFideId "4168003"]
[BlackFideId "24116068"]
[WhiteElo "2652"]
[BlackElo "2767"]
[Result "1/2-1/2"]
[Round "10"]
[TimeControl "900+10"]
[Date "2021.12.28"]
[WhiteClock "0:01:56"]
[BlackClock "0:01:56"]

1. e4 c5 2. Nf3 d6 3. d4 cxd4 4. Nxd4 Nf6 5. Nc3 a6 6. Be2 e5 7. Nb3 Be7 8. Be3 Be6 9. O-O O-O 10. Qd3 Nbd7 11. a4 Qc7 12. a5 Rac8 13. Rfd1 Rfe8 14. Bf3 h6 15. h3 Nf8 16. Nd2 Ng6 17. Nf1 Qd7 18. Rac1 Nh4 19. Bb6 Nxf3+ 20. Qxf3 Bd8 21. Bxd8 Rexd8 22. Ne3 Rc5 23. Ncd5 Bxd5 24. exd5 Rxa5 25. c4 b6 26. b4 Ra4 27. c5 bxc5 28. bxc5 dxc5 29. Rxc5 Rf4 30. Qe2 Ne4 31. Rc4 Nxf2 32. Rdc1 Ne4 33. Kh2 Nf6 34. Rc5 Ra4 35. Qf3 Rf4 36. Qe2 Qb7 37. Qa2 Rb4 38. Rc7 Rb2 39. Rxb7 Rxa2 40. Rcc7 Rf8 41. d6 Rd2 42. Nc4 Rd4 43. Nxe5 Ne8 44. Rxf7 Rxf7 45. Nxf7 Nxd6 46. Nxd6 Rxd6 47. Ra7 h5 48. h4 Kh7 49. Kg3 Rf6 50. Rc7 Kg6 51. Rc5 Rb6 52. Ra5 Rf6 53. Rg5+ Kh6 54. Ra5 g6 55. Kh3 Kg7 56. g4 hxg4+ 57. Kxg4 Kf7 58. h5 gxh5+ 59. Kxh5 Ke7 60. Kg5 Rb6 61. Kf4 Kd6 62. Ke4 Kc7 63. Kd4 Rc6 1/2-1/2


[Site "http://www.Chess.com"]

[Event "FIDE World Rapid Chess Championship 2021"]
[White "Anton Guijarro, David"]
[Black "Karjakin, Sergey"]
[WhiteFideId "2285525"]
[BlackFideId "14109603"]
[WhiteElo "2627"]
[BlackElo "2757"]
[Result "0-1"]
[Round "10"]
[TimeControl "900+10"]
[Date "2021.12.28"]
[WhiteClock "0:03:03"]
[BlackClock "0:04:49"]

1. d4 Nf6 2. Nf3 d5 3. e3 e6 4. Bd3 Be7 5. O-O O-O 6. b3 b6 7. Bb2 c5 8. dxc5 Bxc5 9. Nbd2 Bb7 10. c4 Nbd7 11. Qe2 dxc4 12. Nxc4 Qe7 13. a3 a5 14. Rfd1 Rfd8 15. Nd4 Nf8 16. Nb5 Ng6 17. Bd4 Nh4 18. f3 Bxd4 19. Nxd4 e5 20. Nf5 Nxf5 21. Bxf5 g6 22. Bh3 Nd5 23. Qb2 f6 24. e4 Nf4 25. Nxb6 Rxd1+ 26. Rxd1 Rd8 27. Nd5 Bxd5 28. exd5 Qc5+ 29. Qf2 Qxa3 30. Qb6 Rd6 31. Qc7 Qxb3 32. Re1 Qxd5 0-1


[Site "http://www.Chess.com"]

[Event "FIDE World Rapid Chess Championship 2021"]
[White "Ponkratov, Pavel"]
[Black "Wojtaszek, Radoslaw"]
[WhiteFideId "4157800"]
[BlackFideId "1118358"]
[WhiteElo "2614"]
[BlackElo "2743"]
[Result "1-0"]
[Round "10"]
[TimeControl "900+10"]
[Date "2021.12.28"]
[WhiteClock "0:08:12"]
[BlackClock "0:05:53"]

1. e4 c5 2. Nf3 d6 3. d4 cxd4 4. Nxd4 Nf6 5. Nc3 a6 6. h3 e5 7. Nf3 Be7 8. g4 h6 9. Rg1 Qc7 10. g5 hxg5 11. Nxg5 b5 12. a4 b4 13. Nd5 Nxd5 14. Qxd5 Bxg5 15. Rxg5 Bb7 16. Qd3 f6 17. Rg6 Nc6 18. Be3 O-O-O 19. O-O-O Qf7 20. Rg3 Rd7 21. h4 Kc7 22. Bh3 Rdd8 23. Rdg1 Qa2 24. Rxg7+ Kb8 25. Rxb7+ Kxb7 26. Rg7+ 1-0


[Site "http://www.Chess.com"]

[Event "FIDE World Rapid Chess Championship 2021"]
[White "Timofeev, Artyom"]
[Black "Dubov, Daniil"]
[WhiteFideId "4140419"]
[BlackFideId "24126055"]
[WhiteElo "2591"]
[BlackElo "2735"]
[Result "0-1"]
[Round "10"]
[TimeControl "900+10"]
[Date "2021.12.28"]
[WhiteClock "0:01:57"]
[BlackClock "0:03:36"]

1. e4 c6 2. d4 d5 3. Nc3 dxe4 4. Nxe4 Nf6 5. Nxf6+ exf6 6. Nf3 Bd6 7. Be2 O-O 8. O-O Re8 9. h3 Nd7 10. Re1 Nf8 11. Bf1 Be6 12. Be3 Ng6 13. c4 Qd7 14. Qc2 Bf5 15. Qb3 Rad8 16. Rad1 Be4 17. Nd2 Bf5 18. Nf3 a6 19. a4 h5 20. a5 Bc7 21. Qa3 Be4 22. Nd2 Bc2 23. Rc1 Bf5 24. Nf3 Re7 25. Red1 Bd6 26. Qa4 Qc8 27. c5 Bf4 28. Re1 Be4 29. Bxf4 Nxf4 30. Nd2 Qf5 31. Rxe4 Rxe4 32. Nxe4 Qxe4 33. Qb3 Rd5 34. Qe3 Rxd4 35. Qxe4 Rxe4 36. Rc4 f5 37. h4 Ne6 38. b4 Re1 39. g3 Kf8 40. Kg2 Ke7 41. Bd3 g6 42. Rc3 f4 43. Bc4 fxg3 44. fxg3 Re4 45. Kf3 f5 46. Bxe6 Kxe6 47. Rd3 Rxb4 48. Rd6+ Kf7 49. Rd7+ Kf6 50. Rd6+ Kg7 51. Rd7+ Kh6 52. Re7 Rb5 53. Kf4 Rxa5 54. Rxb7 Rxc5 55. Rc7 a5 56. Ra7 Rd5 57. Ra6 Rc5 58. Ra7 g5+ 59. hxg5+ Kg6 60. Ra8 Rc4+ 61. Ke5 Re4+ 62. Kd6 Kxg5 63. Rg8+ Kf6 64. Rf8+ Kg6 65. Rg8+ Kf7 66. Rg5 Kf6 67. Rxh5 Re3 0-1


[Site "http://www.Chess.com"]

[Event "FIDE World Rapid Chess Championship 2021"]
[White "Salem, A.R. Saleh"]
[Black "Najer, Evgeniy"]
[WhiteFideId "9301348"]
[BlackFideId "4118987"]
[WhiteElo "2729"]
[BlackElo "2565"]
[Result "1-0"]
[Round "10"]
[TimeControl "900+10"]
[Date "2021.12.28"]
[WhiteClock "0:00:13"]
[BlackClock "0:00:29"]

1. d4 d5 2. c4 c6 3. Nc3 Nf6 4. Nf3 e6 5. Qc2 Nbd7 6. cxd5 exd5 7. Bf4 Nh5 8. g3 Be7 9. h4 Ndf6 10. e3 Nxf4 11. gxf4 Bg4 12. Ne5 Bh5 13. Be2 Bxe2 14. Kxe2 Nd7 15. Rag1 Bf6 16. h5 Qe7 17. a3 Nb6 18. Rg2 O-O-O 19. Na4 Nxa4 20. Qxa4 Kb8 21. Qb4 Qe6 22. f5 Qe8 23. f4 Rc8 24. Qc3 Rc7 25. b4 Qc8 26. Qd3 Re8 27. Rhg1 Ka8 28. Rc1 a6 29. Kd2 Rg8 30. Rcg1 Qf8 31. Qc2 Kb8 32. Ng4 Bd8 33. Nh6 Bf6 34. Nxg8 Qxg8 35. Qc5 Qc8 36. Rxg7 Bxg7 37. Rxg7 Qxf5 38. Qd6 b6 39. Qe5 Qb1 40. Rxf7 Qb2+ 41. Ke1 Qc1+ 42. Kf2 Qd2+ 43. Kg3 Qe1+ 44. Kg4 Qe2+ 45. Kg5 Qg2+ 46. Kh6 1-0


[Site "http://www.Chess.com"]

[Event "FIDE World Rapid Chess Championship 2021"]
[White "Bluebaum, Matthias"]
[Black "Mamedyarov, Shakhriyar"]
[WhiteFideId "24651516"]
[BlackFideId "13401319"]
[WhiteElo "2575"]
[BlackElo "2727"]
[Result "0-1"]
[Round "10"]
[TimeControl "900+10"]
[Date "2021.12.28"]
[WhiteClock "0:00:20"]
[BlackClock "0:02:14"]

1. d4 Nf6 2. c4 g6 3. Nc3 d5 4. Bg5 Ne4 5. cxd5 Nxg5 6. h4 Ne4 7. Nxe4 Qxd5 8. Nc3 Qa5 9. h5 Bg7 10. h6 Bf6 11. Qd2 O-O 12. Nf3 Rd8 13. e3 c5 14. Ne4 Qxd2+ 15. Nfxd2 cxd4 16. Nxf6+ exf6 17. Ne4 Be6 18. Nxf6+ Kh8 19. Bb5 a6 20. Ba4 b5 21. Bb3 Bxb3 22. axb3 Nd7 23. Nxd7 Rxd7 24. Ke2 dxe3 25. fxe3 Re7 26. Rhd1 Rae8 27. Rd3 Re6 28. Rc1 Kg8 29. Kf2 Kf8 30. Rc7 Rf6+ 31. Ke2 g5 32. Rd5 Rfe6 33. Rxg5 Rxe3+ 34. Kf2 Re2+ 35. Kg1 Re1+ 36. Kf2 R8e2+ 37. Kg3 Re3+ 38. Kf2 R3e2+ 39. Kg3 Re7 40. Rc8+ Re8 41. Rc7 R1e7 42. Rxe7 Rxe7 43. Rg7 f6 44. Rg4 Kf7 45. Kf4 Ke6 46. Rg8 Rd7 47. Ke4 f5+ 48. Ke3 Kf6 49. b4 Rc7 50. g4 Re7+ 51. Kf3 fxg4+ 52. Rxg4 Rf7 53. Ke4 Ke6 54. Rh4 Rf6 55. Kd4 Kf5 56. Kc5 Kg5 57. Rh1 Rxh6 58. Rg1+ Kf6 59. Kb6 Kf7+ 60. Ka5 Rf6 61. b3 Rf5 62. Kxa6 h5 63. Rh1 Kf6 64. Kb6 Kg5 65. Rg1+ Kf4 66. Rf1+ Kg4 67. Rg1+ Kf4 68. Rf1+ Kg5 69. Rg1+ Kf6 70. Rh1 Re5 71. Kc6 Kg5 72. Rg1+ Kf4 73. Kd6 Rg5 74. Rf1+ Ke3 75. Rh1 Kf2 76. Kc6 Kg2 77. Rh4 Kg3 78. Rd4 h4 79. Rd3+ Kg4 80. Rd4+ Kh5 81. Rd3 Rf5 82. Kb6 Kg4 83. Rd4+ Kg3 84. Rd3+ Kf2 85. Rd2+ Ke3 86. Rh2 Rh5 87. Rh3+ Ke4 88. Ka5 Kf5 89. Rh1 Kg4 90. Rg1+ Kf3 91. Rh1 h3 92. Rf1+ Kg2 93. Rc1 h2 94. Rc2+ Kh3 95. Rc1 Rf5 0-1


[Site "http://www.Chess.com"]

[Event "FIDE World Rapid Chess Championship 2021"]
[White "Maghsoodloo, Parham"]
[Black "Shirov, Alexei"]
[WhiteFideId "12539929"]
[BlackFideId "2209390"]
[WhiteElo "2512"]
[BlackElo "2702"]
[Result "1/2-1/2"]
[Round "10"]
[TimeControl "900+10"]
[Date "2021.12.28"]
[WhiteClock "0:01:10"]
[BlackClock "0:00:33"]

1. e4 e5 2. Nf3 Nc6 3. Bb5 a6 4. Ba4 Nf6 5. O-O b5 6. Bb3 Bc5 7. a4 Rb8 8. c3 d6 9. d4 Bb6 10. a5 Ba7 11. h3 Bb7 12. Re1 O-O 13. Be3 exd4 14. cxd4 Nb4 15. d5 c5 16. Nbd2 Re8 17. Bc2 Nxc2 18. Qxc2 Rc8 19. Bf4 c4 20. Be3 Bc5 21. Bxc5 Rxc5 22. Qc3 Nd7 23. Nd4 g6 24. Re3 Qf6 25. N2f3 Ne5 26. Nxe5 Qxe5 27. Rd1 Rc7 28. Nc2 Rce7 29. Rde1 f5 30. exf5 Qxd5 31. f3 Rxe3 32. Nxe3 Qe5 33. fxg6 hxg6 34. Kf2 Kf7 35. Rd1 d5 36. Ng4 Qxc3 37. bxc3 Bc6 38. Ne3 Ke6 39. Nc2 Kd6 40. Nb4 Bb7 41. Rd4 Re5 42. h4 Ke6 43. g4 Kf7 44. Rf4+ Kg7 45. g5 Re8 46. Rf6 d4 47. cxd4 c3 48. Rb6 Re7 49. d5 Rc7 50. d6 c2 51. Nd3 Rf7 52. Nc1 Bxf3 53. Ke3 Bb7 54. Kd3 Bc8 55. Kxc2 Rf4 56. Nb3 Kf7 57. Kd2 Rxh4 58. Nc5 Rc4 59. Rc6 Bf5 60. Rc7+ Ke8 61. Ke3 b4 62. Nxa6 Rxc7 63. Nxc7+ Kd7 64. a6 b3 65. Nb5 b2 66. Na3 Bh3 67. Kf3 Be6 68. Ke4 Kxd6 69. a7 Bd5+ 70. Kd4 Ke6 71. Kc3 Kf5 72. Kxb2 Kxg5 73. Kc3 Kf4 74. Kd4 Bb7 75. Nc4 1/2-1/2


[Site "http://www.Chess.com"]

[Event "FIDE World Rapid Chess Championship 2021"]
[White "Korobov, Anton"]
[Black "Sanal, Vahap"]
[WhiteFideId "14105730"]
[BlackFideId "6300545"]
[WhiteElo "2689"]
[BlackElo "2509"]
[Result "*"]
[Round "10"]
[TimeControl "900+10"]
[Date "2021.12.28"]
[WhiteClock "0:03:11"]
[BlackClock "0:01:34"]

1. d4 Nf6 2. c4 c6 3. Nc3 d5 4. Nf3 e6 5. e3 Nbd7 6. Qc2 Bd6 7. Bd3 dxc4 8. Bxc4 b5 9. Be2 O-O 10. O-O Bb7 11. e4 e5 12. dxe5 Nxe5 13. Nh4 Bc8 14. f4 Bc5+ 15. Kh1 Neg4 16. e5 Nf2+ 17. Rxf2 Bxf2 18. Nf3 Ne8 19. Bd3 g6 20. f5 Bb6 21. Bh6 Ng7 22. Bxg7 Kxg7 23. f6+ Kh8 24. Qd2 g5 25. Rd1 Rg8 26. Nxg5 Rxg5 27. Qxg5 Qg8 28. Qh4 Be6 29. h3 Rd8 30. Ne4 Rd4 31. Bc2 Qg6 32. Rxd4 Bxd4 33. Qf4 Qf5 34. Qxf5 Bxf5 35. g4 Bg6 36. h4 Bxe5 37. h5 Bxe4+ 38. Bxe4 *


[Site "http://www.Chess.com"]

[Event "FIDE World Rapid Chess Championship 2021"]
[White "Svane, Rasmus"]
[Black "Ivic, Velimir"]
[WhiteFideId "4657101"]
[BlackFideId "950122"]
[WhiteElo "2677"]
[BlackElo "2357"]
[Result "1/2-1/2"]
[Round "10"]
[TimeControl "900+10"]
[Date "2021.12.28"]
[WhiteClock "0:00:36"]
[BlackClock "0:01:29"]

1. d4 Nf6 2. Nf3 d5 3. c4 e6 4. g3 Bb4+ 5. Bd2 a5 6. Bg2 O-O 7. Qc2 c5 8. cxd5 cxd4 9. a3 Bxd2+ 10. Qxd2 Qxd5 11. Qxd4 Qb5 12. Qe5 Qb6 13. Nbd2 Nc6 14. Qc3 Qa6 15. Nc4 b5 16. Nce5 Nxe5 17. Qxe5 Bb7 18. O-O Rac8 19. Rfd1 Bd5 20. Nd4 Bxg2 21. Kxg2 b4 22. axb4 Qb7+ 23. Nf3 axb4 24. Rd4 Rc2 25. Rad1 h6 26. R1d2 Rfc8 27. b3 Rxd2 28. Rxd2 Nd5 29. Rd4 Rc3 30. Rg4 g6 31. Rh4 h5 32. Rd4 Qc7 33. e4 Qxe5 34. Nxe5 Nf6 35. Rxb4 Rc2 36. Rb8+ Kg7 37. Rb7 Ng4 38. Nxg4 hxg4 39. e5 Rc5 40. Rb4 Rxe5 41. Rxg4 Re2 42. Rc4 Rb2 43. b4 e5 44. Kf3 f5 45. h3 Kf6 46. Rc6+ Kf7 47. Rb6 Rb3+ 48. Kg2 e4 49. b5 Rb2 50. Kf1 g5 51. Rb7+ Kf6 52. Rb8 f4 53. gxf4 gxf4 54. b6 e3 55. fxe3 fxe3 56. h4 e2+ 57. Kf2 Kg7 58. Ke1 Kh7 59. Rb7+ Kg6 60. Kf2 Kh6 61. Rb8 Kg7 62. h5 Kh7 63. b7 e1=Q+ 64. Kxe1 Rb1+ 65. Kd2 Rb2+ 66. Kc3 Rb1 67. h6 Rb6 68. Kd4 Rb1 69. Kc5 Rc1+ 1/2-1/2


[Site "http://www.Chess.com"]

[Event "FIDE World Rapid Chess Championship 2021"]
[White "Puranik, Abhimanyu"]
[Black "Paravyan, David"]
[WhiteFideId "5061245"]
[BlackFideId "4194985"]
[WhiteElo "2472"]
[BlackElo "2671"]
[Result "1-0"]
[Round "10"]
[TimeControl "900+10"]
[Date "2021.12.28"]
[WhiteClock "0:01:09"]
[BlackClock "0:00:38"]

1. e4 c5 2. Nf3 Nc6 3. Bb5 g6 4. Bxc6 bxc6 5. O-O Bg7 6. c3 d6 7. h3 Nf6 8. Re1 O-O 9. d4 cxd4 10. cxd4 c5 11. d5 Nd7 12. Qc2 Rb8 13. Nbd2 Ba6 14. Rb1 Qa5 15. Re3 Rfc8 16. b3 Nb6 17. h4 h6 18. a3 Qb5 19. h5 Bd4 20. a4 Qb4 21. hxg6 Bxe3 22. gxf7+ Kxf7 23. fxe3 Rg8 24. Bb2 Nd7 25. Bc3 Qb7 26. Nh4 Ke8 27. Nf5 Kd8 28. Ba5+ Nb6 29. b4 cxb4 30. Nd4 Rc8 31. Qd1 Rc3 32. Qf3 Kc8 33. Bxb4 Rd3 34. Nc6 Qd7 35. a5 Nc4 36. Nxc4 Bxc4 37. Be1 Rb3 38. Rc1 Kb7 39. Rxc4 Rb1 40. Qe2 Ka8 41. Rb4 Ra1 42. a6 Qc8 43. Rb8+ Qxb8 44. Nxb8 Rxb8 45. Kh2 Rb6 46. Bc3 Ra4 47. Bd4 Rbxa6 48. Qb5 1-0


[Site "http://www.Chess.com"]

[Event "FIDE World Rapid Chess Championship 2021"]
[White "Shevchenko, Kirill"]
[Black "Movsesian, Sergei"]
[WhiteFideId "14129574"]
[BlackFideId "310204"]
[WhiteElo "2508"]
[BlackElo "2667"]
[Result "1-0"]
[Round "10"]
[TimeControl "900+10"]
[Date "2021.12.28"]
[WhiteClock "0:00:49"]
[BlackClock "0:00:00"]

1. e4 c5 2. Nf3 e6 3. c3 Nf6 4. e5 Nd5 5. Bc4 d6 6. d4 cxd4 7. cxd4 Be7 8. O-O O-O 9. Qc2 Nc6 10. Nc3 Nxc3 11. bxc3 dxe5 12. dxe5 Qc7 13. Re1 Bd7 14. Bd3 g6 15. Bh6 Rfd8 16. h4 Rac8 17. Qc1 Be8 18. Be4 Nb8 19. Bg5 Bc6 20. Qf4 Bxe4 21. Rxe4 Rd3 22. h5 Rxc3 23. Bxe7 Qxe7 24. h6 Nd7 25. Rd1 Nb6 26. Ng5 Nd5 27. Qg4 b5 28. Red4 R3c4 29. g3 Rxd4 30. Rxd4 Rc1+ 31. Kg2 Qb7 32. Kh2 Rc2 33. Ne4 Qe7 34. Qf3 Qf8 35. Kg2 Rc4 36. Rd3 Rc8 37. Nd6 Rd8 38. Rd1 Ne7 39. Qf6 Nd5 40. Qf3 Ne7 41. Qf6 Nd5 42. Qg5 f6 43. Qg4 f5 44. Qg5 Qe7 45. Qxe7 Nxe7 46. Rc1 Rd7 47. Ne8 Kf7 48. Nf6 Rd2 49. Rc7 Re2 50. Nxh7 1-0


[Site "http://www.Chess.com"]

[Event "FIDE World Rapid Chess Championship 2021"]
[White "Harsha, Bharathakoti"]
[Black "Artemiev, Vladislav"]
[WhiteFideId "5078776"]
[BlackFideId "24101605"]
[WhiteElo "2484"]
[BlackElo "2714"]
[Result "1/2-1/2"]
[Round "10"]
[TimeControl "900+10"]
[Date "2021.12.28"]
[WhiteClock "0:00:17"]
[BlackClock "0:00:28"]

1. e4 e5 2. Nf3 Nc6 3. Bb5 f5 4. d3 fxe4 5. dxe4 Nf6 6. O-O d6 7. Nc3 Be7 8. h3 O-O 9. Be3 Kh8 10. Bc4 Qe8 11. Nd5 Qg6 12. Nxc7 Bxh3 13. Ng5 Rac8 14. Nce6 Bxe6 15. Bxe6 Nxe4 16. Bxc8 Nxg5 17. Bxg5 Bxg5 18. Bxb7 Nd4 19. c3 Nc2 20. Rc1 Ne3 21. Qe2 Nxf1 22. Rxf1 Qf7 23. Be4 d5 24. Bc2 Bf6 25. Rd1 Qb7 26. Qh5 g6 27. Bxg6 d4 28. Bf5 Rg8 29. g3 e4 30. cxd4 e3 31. Qe2 Qd5 32. Bh3 exf2+ 33. Qxf2 Bd8 34. Rd3 Qxa2 35. Kh2 Qd5 36. Qf5 Qc6 37. Rc3 Qh6 38. Rf3 Qd2+ 39. Bg2 Qxd4 40. Rd3 Qf6 41. Qxf6+ Bxf6 42. Rd7 Be5 43. Be4 Rxg3 44. Rxh7+ Kg8 45. Kh1 Re3 46. Bg6 Rg3 47. Be4 Rg4 48. Bf5 Rf4 49. Bg6 Bg7 50. Rh2 Rb4 51. Rc2 Bxb2 52. Rc8+ Kg7 53. Bd3 a5 54. Rc4 Rb3 55. Bc2 Rg3 56. Rc6 Kf7 57. Rc5 Bc3 58. Rd5 Bb4 59. Rd3 Rg5 60. Re3 Bc5 61. Re4 Kf6 62. Kh2 Bd6+ 63. Kh1 Rg3 64. Re2 Be5 65. Rg2 Rc3 66. Kg1 Rc4 67. Kf1 a4 68. Bd3 Rb4 69. Rg6+ Ke7 70. Ra6 Bd6 71. Ke2 a3 72. Ke3 Bc5+ 73. Kd2 Rb2+ 74. Kc3 Bb4+ 75. Kd4 Rd2 76. Kc4 Bd6 77. Kc3 Rb2 78. Bc4 Kd7 79. Ra7+ Kc6 80. Ra6+ Kc7 81. Ra7+ Kb8 82. Ra6 Bb4+ 83. Kd4 Kb7 84. Ra4 Rd2+ 85. Ke3 Rb2 86. Kd4 Be7 87. Kc3 Bc5 88. Kd3 Rh2 89. Ra5 Rh3+ 90. Ke4 Kc6 91. Ra8 Re3+ 92. Kf4 Rc3 93. Bg8 Kb5 94. Ke4 Bb6 95. Bf7 Re3+ 96. Kf4 Re7 97. Bd5 Kc5 98. Bg8 Kb4 99. Ra6 Bc7+ 100. Kf3 Re8 101. Bd5 Re5 102. Bg8 Rg5 103. Ba2 Rg3+ 104. Ke4 Rg2 105. Bd5 Ba5 106. Rf6 Kc5 107. Rc6+ Kb5 108. Rc1 Re2+ 109. Kd3 Rd2+ 110. Ke4 Bb6 111. Rb1+ Ka5 112. Rc1 Ba7 113. Bg8 Rg2 114. Bd5 Rg4+ 115. Kf5 Rh4 116. Rc2 Kb4 117. Rc7 Bc5 118. Rb7+ Kc3 119. Rc7 Kd4 120. Be6 Rh5+ 121. Kg6 Re5 122. Rd7+ Kc3 123. Bf7 Re2 124. Rc7 Kd4 125. Rd7+ Ke4 126. Bd5+ Kf4 127. Rc7 Bd6 128. Ra7 Ke5 129. Bc4 Rc2 130. Bb3 Rg2+ 131. Kf7 Bc5 132. Ra4 Rf2+ 133. Ke8 Rb2 134. Bc4 Rf2 135. Kd7 Rf6 136. Ba2 Rb6 137. Kc7 Rb2 138. Bg8 Bb4 139. Kc6 Kd4 140. Ra8 Rg2 141. Bf7 Rg5 142. Rg8 Rc5+ 143. Kb6 Ba5+ 144. Ka6 Bc7 145. Kb7 Bd6 146. Rc8 Rf5 147. Bg8 Rg5 148. Be6 Rg6 1/2-1/2


[Site "http://www.Chess.com"]

[Event "FIDE World Rapid Chess Championship 2021"]
[White "Sargissian, Gabriel"]
[Black "Parligras, Mircea-Emilian"]
[WhiteFideId "13300881"]
[BlackFideId "1204297"]
[WhiteElo "2693"]
[BlackElo "2550"]
[Result "1-0"]
[Round "10"]
[TimeControl "900+10"]
[Date "2021.12.28"]
[WhiteClock "0:02:14"]
[BlackClock "0:00:22"]

1. d4 Nf6 2. c4 e6 3. Nc3 Bb4 4. e3 O-O 5. Bd3 d5 6. a3 Bxc3+ 7. bxc3 dxc4 8. Bxc4 c5 9. Nf3 Qc7 10. Be2 Nc6 11. O-O Rd8 12. Bb2 e5 13. Rc1 Bg4 14. h3 Bh5 15. Re1 Rac8 16. Qc2 e4 17. Nh2 Bxe2 18. Qxe2 Na5 19. c4 cxd4 20. Bxd4 Qc6 21. Rc3 Qe6 22. Rec1 Nc6 23. Rd1 b6 24. Nf1 Ne5 25. Ng3 Nxc4 26. Bxf6 Rxd1+ 27. Qxd1 Qxf6 28. Nxe4 Qe6 29. Ng5 Qf6 30. Qg4 Qc6 31. Qf5 Rd8 32. Qxf7+ 1-0


[Site "http://www.Chess.com"]

[Event "FIDE World Rapid Chess Championship 2021"]
[White "Demidov, Mikhail"]
[Black "Saric, Ivan"]
[WhiteFideId "4197143"]
[BlackFideId "14508150"]
[WhiteElo "2544"]
[BlackElo "2684"]
[Result "0-1"]
[Round "10"]
[TimeControl "900+10"]
[Date "2021.12.28"]
[WhiteClock "0:00:23"]
[BlackClock "0:05:01"]

1. d4 Nf6 2. Nc3 d5 3. Bf4 c6 4. e3 b5 5. Bd3 e6 6. Nf3 Nbd7 7. O-O Be7 8. a3 Nh5 9. Ne5 Nxf4 10. exf4 Nxe5 11. fxe5 Qb6 12. Ne2 c5 13. dxc5 Bxc5 14. b4 Be7 15. a4 bxa4 16. c3 Bd7 17. Bc2 O-O 18. Qd3 g6 19. Bxa4 Bxa4 20. Rxa4 Qb8 21. f4 Bd8 22. Kh1 Bb6 23. h4 Qc7 24. b5 Rac8 25. h5 Qe7 26. g3 Rc7 27. Kg2 Rfc8 28. Rb1 Rc4 29. Rbb4 Qc5 30. Rxc4 Qf2+ 31. Kh3 Qf1+ 32. Kh2 dxc4 33. Rxc4 Rd8 34. Qe4 Rd2 35. Qa8+ Kg7 36. h6+ Kxh6 37. Qf8+ Kh5 38. g4+ Kxg4 39. f5+ Kh5 40. Rh4+ Kxh4 41. Qh6+ Kg4 42. Qxd2 Qh3# 0-1


[Site "http://www.Chess.com"]

[Event "FIDE World Rapid Chess Championship 2021"]
[White "Sarana, Alexey"]
[Black "Gumularz, Szymon"]
[WhiteFideId "24133795"]
[BlackFideId "1188062"]
[WhiteElo "2680"]
[BlackElo "2452"]
[Result "1-0"]
[Round "10"]
[TimeControl "900+10"]
[Date "2021.12.28"]
[WhiteClock "0:01:36"]
[BlackClock "0:00:12"]

1. d4 e6 2. c4 b6 3. Nc3 Bb7 4. a3 Nf6 5. Nf3 g6 6. d5 Bg7 7. e4 O-O 8. Bd3 exd5 9. cxd5 c6 10. d6 c5 11. O-O Nc6 12. h3 Nd4 13. Bg5 Qb8 14. Bf4 Nh5 15. Bh2 Nxf3+ 16. Qxf3 f5 17. Bc4+ Kh8 18. Nd5 fxe4 19. Qxe4 Nf6 20. Qd3 b5 21. Nc7 Be4 22. Qe3 bxc4 23. Be5 Qb7 24. Nxa8 Rxa8 25. Rfe1 Bd5 26. Rad1 Be6 27. Qxc5 Rc8 28. Qd4 Rf8 29. Re3 Kg8 30. Rf3 Ne8 31. Rxf8+ Bxf8 32. Qf4 Qc6 33. h4 Ng7 34. Qf6 Qe4 35. f3 Qf5 36. g4 Qxf6 37. Bxf6 Ne8 38. Be5 Bg7 39. Bxg7 Kxg7 40. Kf2 Kf6 41. Ke3 h5 42. Kf4 Kf7 43. Rd4 Nf6 44. Kg5 Nh7+ 45. Kh6 Nf6 46. Rf4 hxg4 47. Kg5 Bf5 48. fxg4 Nxg4 49. h5 Kg7 50. hxg6 Be6 51. Re4 Nf6 52. Re5 a6 53. a4 a5 54. Re3 c3 55. bxc3 1-0


[Site "http://www.Chess.com"]

[Event "FIDE World Rapid Chess Championship 2021"]
[White "Muradli, Mahammad"]
[Black "Demchenko, Anton"]
[WhiteFideId "13409301"]
[BlackFideId "4160258"]
[WhiteElo "2285"]
[BlackElo "2666"]
[Result "0-1"]
[Round "10"]
[TimeControl "900+10"]
[Date "2021.12.28"]
[WhiteClock "0:00:16"]
[BlackClock "0:00:34"]

1. c4 e5 2. d3 g6 3. g3 Bg7 4. Bg2 d6 5. Nc3 Nf6 6. Rb1 a5 7. a3 O-O 8. Nf3 c6 9. O-O h6 10. c5 dxc5 11. Nxe5 Re8 12. Nc4 b5 13. Nd2 Nd5 14. Nce4 Na6 15. Qc2 Bf8 16. Nb3 Qb6 17. Bd2 a4 18. Nc1 Nac7 19. Nc3 Bb7 20. Kh1 Ne6 21. e3 Rad8 22. N1e2 Ba6 23. Rbd1 Ne7 24. Ne4 Nd5 25. N4c3 Ne7 26. Bc1 Bg7 27. h3 b4 28. axb4 cxb4 29. Nxa4 Qb5 30. b3 Rxd3 31. Rfe1 Rxd1 32. Qxd1 Rd8 33. Qc2 Qh5 34. Nf4 Nxf4 35. exf4 Bb5 36. Nb6 Nf5 37. Bb2 Bxb2 38. Qxb2 Rd1 39. Qe5 Nxg3+ 40. Kh2 Qxe5 41. Rxe5 Nf5 42. Be4 Nd4 43. Re7 Re1 44. Nc8 Kf8 45. f3 Nxf3+ 46. Kg3 Nd4 47. Rd7 Rxe4 48. Nd6 Nf5+ 0-1


[Site "http://www.Chess.com"]

[Event "FIDE World Rapid Chess Championship 2021"]
[White "Mastrovasilis, Dimitrios"]
[Black "Petrosian, Tigran L."]
[WhiteFideId "4202694"]
[BlackFideId "13301616"]
[WhiteElo "2534"]
[BlackElo "2621"]
[Result "0-1"]
[Round "10"]
[TimeControl "900+10"]
[Date "2021.12.28"]
[WhiteClock "0:00:00"]
[BlackClock "0:00:14"]

1. e4 g6 2. d4 Bg7 3. Nf3 c6 4. Bc4 d5 5. Bb3 Bg4 6. h3 Bxf3 7. Qxf3 e6 8. c3 Nf6 9. Nd2 O-O 10. O-O b5 11. a4 Qa5 12. Bc2 b4 13. Nb3 Qb6 14. a5 Qb5 15. e5 Nfd7 16. Bd3 Qb7 17. a6 Qb6 18. c4 f6 19. exf6 Nxf6 20. Qe2 Nbd7 21. Qxe6+ Kh8 22. c5 Qc7 23. Qd6 Qxd6 24. cxd6 Ne8 25. Bd2 Nxd6 26. Rac1 c5 27. Nxc5 Nxc5 28. dxc5 Nf5 29. Bxb4 Rab8 30. Ba3 Nd4 31. b4 Rfc8 32. Rfe1 Rc7 33. b5 Nb3 34. c6 Nxc1 35. Bxc1 Rf7 36. Be3 d4 37. Bg5 Bf8 38. Bc4 Rf5 39. c7 Rc8 40. Bd8 Rc5 41. Be6 R8xc7 42. Bxc7 Rxc7 43. b6 axb6 44. Bd5 d3 45. Rd1 b5 46. Rxd3 Rc1+ 47. Kh2 Bc5 48. Rf3 Ra1 49. Bb7 b4 50. g3 Ra2 51. Kg2 b3 52. Rxb3 Rxf2+ 53. Kh1 Rf1+ 54. Kh2 Rf2+ 55. Kh1 Rf1+ 56. Kh2 Rf2+ 57. Bg2 Ra2 58. Rc3 Bb6 59. Rc6 Bd4 60. h4 Ra3 61. g4 Be5+ 62. Kg1 Kg7 63. g5 Ra4 64. Bd5 Bd4+ 65. Kg2 Kf8 66. Kf3 Bg1 67. Bc4 Ke7 68. Ke4 Kd7 69. Kd5 Ra5+ 0-1


[Site "http://www.Chess.com"]